 Dungeon Crawl Stone Soup version 0.28-a0-535-g6f645e4c1d (webtiles) character file.

Game seed: 12159938000506416197

207 heikuro the Skirmisher (level 6, 0/49 HPs)
             Began as a Formicid Fighter on Sept 26, 2021.
             Was an Initiate of Gozag.
             Slain by Purgy (2 damage)
             ... in a sewer.
             The game lasted 00:06:38 (3736 turns).

heikuro the Skirmisher (Formicid Fighter)           Turns: 3736, Time: 00:06:38

Health: 0/49       AC: 13    Str: 22    XL:     6   Next: 11%
Magic:  15/15      EV:  6    Int:  7    God:    Gozag
Gold:   256        SH:  4    Dex: 11    Spells: 5/5 levels left

rFire   . . .      SeeInvis +   k - +0 great mace
rCold   . . .      Faith    .   c - +0 buckler
rNeg    . . .      Spirit   .   e - +1 plate armour
rPois   .          Reflect  .   (helmet unavailable)
rElec   .          Harm     .   (no cloak)
rCorr   .          Rampage  .   (no gloves)
Will    .....                   (no boots)
Stlth   ..........              (no amulet)
HPRegen 0.16/turn               i - ring of magical power
MPRegen 0.14/turn               (no ring)

@: mighty
A: permanent stasis, dig shafts and tunnels, antennae 3, four strong arms
a: Dig, Renounce Religion, Potion Petition, Call Merchant, Bribe Branch


You were in a sewer.
You worshipped Gozag.
Gozag was aware of your devotion.
You visited 2 branches of the dungeon, and saw 6 of its levels.
You also visited: Sewer.

You collected 319 gold pieces.
You paid 63 gold pieces to Gozag.

Inventory:

Hand Weapons
 a - a +0 war axe
 k - a +0 great mace (weapon)
 w - a +1 short sword of venom
Missiles
 n - 2 poisoned darts (quivered)
Armour
 c - a +0 buckler (worn)
 e - a +1 plate armour (worn)
Jewellery
 i - a ring of magical power (left hand)
Scrolls
 b - a scroll of magic mapping {unknown}
 f - a scroll of fear
 g - 2 scrolls of enchant armour
 j - 2 scrolls of teleportation {unknown}
 l - a scroll of summoning {unknown}
 m - 2 scrolls of identify
 o - 2 scrolls of vulnerability
 p - a scroll of holy word {unknown}
 t - a scroll of immolation {unknown}
 u - a scroll of blinking {unknown}
 v - a scroll of brand weapon {unknown}
Potions
 h - 4 potions of curing
 q - a potion of degeneration {unknown}
 r - 2 potions of ambrosia
 s - a potion of flight {unknown}
 x - a potion of haste {unknown}


   Skills:
 + Level 4.4 Fighting
 * Level 4.3 Axes
 + Level 4.4 Armour
 - Level 3.6 Shields


You had 5 spell levels left.
You didn't know any spells.
Your spell library contained the following spells:

 Spells                   Type           Power      Damage    Failure   Level
 Scorch                   Fire           0%         2d5       100%        2
 Flame Wave               Conj/Fire      0%         3d3       100%        4
 Summon Cactus Giant      Summ           0%         N/A       100%        6


Dungeon Overview and Level Annotations

Branches:
Dungeon (5/15)             Temple (1/1) D:4           Sewer (1/1)

Altars:
Ashenzari
Dithmenos
Elyvilon
Fedhas
Gozag
Hepliaklqana
Kikubaaqudgha
Makhleb
Nemelex Xobeh
Okawaru
Sif Muna
Trog
Uskayaw
Vehumet
Xom
Zin
The Shining One

Shops:
D:1 *   D:3 (

Annotations:
Sewer Purgy


Innate Abilities, Weirdness & Mutations

You cannot be hasted, slowed, berserked, paralysed or teleported.
You can dig through walls and to a lower floor.
You have a pair of large antennae on your head. (SInv)
Your four strong arms can wield two-handed weapons with a shield.


Message History

You closely miss Purgy.
Purgy is heavily wounded.
Purgy bites you but does no damage. You block Purgy's attack.
Purgy claws you but does no damage.
You barely miss Purgy.
Purgy is heavily wounded.
Purgy barely misses you. Purgy claws you but does no damage. x2
Purgy bites you but does no damage. Purgy claws you.
Purgy claws you but does no damage.
You feel very mighty all of a sudden. You block Purgy's attack.
Purgy claws you.
* * * LOW HITPOINT WARNING * * *
Purgy closely misses you.
You sock Purgy!
Purgy is almost dead.
Purgy bites you.
* * * LOW HITPOINT WARNING * * *
Purgy claws you but does no damage. x2; Purgy bites you.
* * * LOW HITPOINT WARNING * * *
Purgy claws you but does no damage. Purgy claws you.
* * * LOW HITPOINT WARNING * * *
Unknown command.
You barely miss Purgy.
Purgy is almost dead.
Purgy barely misses you. Purgy claws you but does no damage.
Purgy closely misses you.
Unknown command.
You barely miss Purgy.
Purgy is almost dead.
Purgy barely misses you. Purgy claws you.
* * * LOW HITPOINT WARNING * * *
You block Purgy's attack. Purgy bites you but does no damage.
Purgy claws you but does no damage. x2
Unknown command.
You closely miss Purgy.
Purgy is almost dead.
Purgy bites you but does no damage. Purgy claws you but does no damage.
Purgy claws you.
You die...
Your body crumbles into a pile of gold.

#≈≈≈# #≈≈≈#
#≈≈≈# #≈≈≈#
#≈≈≈# #≈≈≈#
#############
#(.'.≈≈≈@T.?#
####.≈≈≈.####
####.≈≈≈.####
#..'.≈≈≈.'.(#
####.≈≈≈.####
####.≈≈≈.####
#[.'.≈≈≈.'..#
####.≈≈≈.####
####.≈≈≈.####


You could see Purgy (poisoned).

Vanquished Creatures
  A kobold brigand (D:3)
  A jelly (D:4)
  2 adders
  2 worms
  A dart slug (D:1)
  3 orcs
  3 ball pythons
  7 endoplasms
  8 giant cockroaches
  7 goblins
  8 hobgoblins
  7 quokkas
  6 bats
  5 frilled lizards (D:1)
  7 kobolds
  4 rats (D:1)
  A spectral kobold (D:1)
73 creatures vanquished.

Notes
Turn   | Place    | Note
-------+----------+-------------------------------------------
     0 | D:1      | heikuro the Formicid Fighter began the quest for the Orb.
     0 | D:1      | Reached XP level 1. HP: 18/18 MP: 1/1
   102 | D:1      | Reached XP level 2. HP: 20/24 MP: 2/2
   239 | D:1      | Found a faded altar of an unknown god.
   271 | D:1      | You fall into a shaft and drop 1 floor!
   406 | D:2      | Reached XP level 3. HP: 28/29 MP: 3/3
   799 | D:1      | Found Gixuw's Assorted Antiques.
  1252 | D:2      | Reached XP level 4. HP: 35/37 MP: 4/4
  1770 | D:3      | Noticed a kobold brigand
  1793 | D:3      | Killed a kobold brigand
  1794 | D:3      | Reached XP level 5. HP: 29/42 MP: 5/5
  2220 | D:3      | Found Fuwiygug's Weapon Emporium.
  2552 | D:4      | Found a glowing golden altar of the Shining One.
  2980 | D:4      | Found a staircase to the Ecumenical Temple.
  2989 | Temple   | Entered the Ecumenical Temple
  3128 | Temple   | Became a worshipper of Gozag Ym Sagoz the Greedy
  3311 | D:5      | Entered Level 5 of the Dungeon
  3403 | D:5      | Found a glowing drain.
  3415 | D:5      | Reached XP level 6. HP: 47/49 MP: 6/6
  3447 | Sewer    | Entered a sewer
  3704 | Sewer    | Noticed Purgy
  3735 | Sewer    | HP: 2/49 [Purgy (3)]
  3736 | Sewer    | Slain by Purgy

Illustrated notes

Levels and vault maps discovered:
D:1:      dpeg_arrival_ternary, layout_basic, serial_shops, nicolae_shop_trees,
          dreamdust_ecumenical_altar_drowned_temple, moated_statue, minivault_4
D:2:      layout_loops_ring
D:3:      layout_basic, serial_shops, nicolae_shop_competitors_out_of_business,
          hex_tiny, interstate_on_off, grunt_decor_junction
D:4:      layout_rooms, tso_altar, lemuel_temple_firewalk_a
D:5:      layout_gridville, gup_sewer_entry_pipe, serial_glass, glass_columns_a,
          glass_columns_c
Temple:   regret_index_temple_sphere_string
Sewer:    kennysheep_door_sewer

Skill      XL: |  1  2  3  4  5 |
---------------+----------------+-----
Axes           | 3 4 |  4.3
Fighting       | 4 |  4.4
Armour         | 4 |  4.4
Shields        | |  3.6

Action                   |  1- 3 |  4- 6 || total
-------------------------+-------+-------++-------
Melee: War axe           |   101 |   106 ||   207
       Short sword       |       |    28 ||    28
       Great mace        |       |    17 ||    17
 Abil: Dig               |     1 |       ||     1
  Use: Scroll            |       |     5 ||     5
       Potion            |       |     1 ||     1
Armor: Plate armour      |    58 |   154 ||   212
       Scale mail        |     1 |       ||     1
Dodge: Dodged            |    25 |    69 ||    94
Block: Buckler           |    20 |    46 ||    66

Table legend: (Time is in decaauts)
 A = Elapsed time spent in this place.
 B = Non-inter-level travel time spent in this place.
 C = Inter-level travel time spent in this place.
 D = Time resting spent in this place.
 E = Time spent auto-exploring this place.
 F = Levels seen in this place.
 G = Mean time per level.
                   A        B        C        D        E       F      G
               +--------+--------+--------+--------+--------+-----+--------+
         Total |   3842 |   3699 |    143 |    209 |   2369 |   7 |  548.9 |
       Dungeon |   3378 |   3247 |    131 |    167 |   2246 |   5 |  675.6 |
        Temple |    152 |    140 |     12 |      0 |    121 |   1 |  152.0 |
         Sewer |    311 |    311 |      0 |     42 |      2 |   1 |  311.0 |
               +--------+--------+--------+--------+--------+-----+--------+

Top non-repeatable levels by time:
     D:3: 895 daAuts
     D:1: 858 daAuts
     D:2: 803 daAuts
     D:4: 667 daAuts
   Sewer: 311 daAuts
     D:5: 153 daAuts
  Temple: 152 daAuts
